 Dungeon Crawl Stone Soup version 0.19-a0-1720-gc855d72 (webtiles) character file.

14072 Ijustatesigmund the Covert (level 11, 0/55 HPs)
             Began as a Spriggan Assassin on Sept 29, 2016.
             Was a Follower of Ashenzari.
             Killed by divine providence
             ... invoked by an orc priest
              (16 damage)
             ... on level 1 of the Orcish Mines.
             The game lasted 01:21:49 (17277 turns).

Ijustatesigmund the Covert (Spriggan Assassin)     Turns: 17277, Time: 01:21:49

Health: 0/55       AC:  8    Str:  7    XL:     11   Next: 83%
Magic:  24/24      EV: 27    Int: 13    God:    Ashenzari [*.....]
Gold:   688        SH:  0    Dex: 21    Spells: 2 memorised, 21 levels left

rFire  + . .     SeeInvis +     i - +6 blowgun
rCold  . . .     Gourm    .     c - +0 robe
rNeg   . . .     Faith    .     (shield restricted)
rPois  .         Spirit   .     (helmet restricted)
rElec  .         Dismiss  .     d - +2 cloak (curse)
rCorr  .         Reflect  .     (gloves unavailable)
MR     +++..     Harm     .     (boots unavailable)
Stlth  +++++++...               (no amulet)
                                G - ring of protection from fire
                                p - ring of protection from magic (curse)

@: studying Slings, very quick
A: unfitting armour, horns 1, icy blue scales 1, see invisible, herbivore 3,
speed 3, magic resistance 1, slow metabolism 2
a: Curse Item, Scrying, Renounce Religion


You were on level 1 of the Orcish Mines.
You worshipped Ashenzari.
Ashenzari was aware of your devotion.
You were not hungry.

You visited 3 branches of the dungeon, and saw 15 of its levels.
You also visited: Labyrinth.

You collected 918 gold pieces.
You spent 230 gold pieces at shops.

Inventory:

Hand Weapons
 a - a +3 dagger
 i - a +6 blowgun (weapon)
 u - a +0 rapier
 I - a +1 dagger of flaming
 R - a +0 dagger of speed
 W - a +2 dagger of speed
Missiles
 h - 17 tomahawks
 P - 9 arrows
 Q - 5 poisoned needles (quivered)
 U - 4 needles of confusion
 V - 6 needles of paralysis
Armour
 c - a +0 robe (worn)
 d - a cursed +2 cloak (worn)
Rods
 t - a +4 rod of shadows (13/13)
   (You took it off a minotaur in a labyrinth)
Jewellery
 p - a cursed ring of protection from magic (left hand)
 A - an uncursed ring of resist corrosion
 E - an uncursed ring of wizardry
 G - a ring of protection from fire (right hand)
 S - an uncursed ring of protection from magic
Wands
 y - a wand of disintegration (0/24)
 B - a wand of lightning (0/15)
 C - a wand of slowing (23/48)
Scrolls
 b - a scroll of magic mapping
 e - a scroll of remove curse
 f - a scroll of recharging
 k - 2 scrolls of teleportation
 r - 2 scrolls of fog
 s - 3 scrolls of enchant armour
 x - 2 scrolls of amnesia
 z - a scroll of noise {unknown}
Potions
 l - 2 potions of ambrosia
 n - 3 potions of flight
 o - 2 potions of lignification
 q - 5 potions of curing
 w - a potion of resistance
 H - a potion of invisibility
 J - a potion of cure mutation
 K - a potion of mutation
 N - a potion of brilliance {unknown}
Books
 j - a book of the Warp

   Spells                             Type                      Level
   a - Gell's Gravitas                Hexes/Translocation          3
   b - Force Lance                    Conjuration/Translocation    4
   c - Summon Forest                  Summoning/Translocation      5
   d - Dispersal                      Translocation                6
   e - Controlled Blink               Translocation                8
   f - Disjunction                    Translocation                8
 v - a book of Frost

   Spells                             Type                      Level
   a - Freeze                         Ice                          1
   b - Throw Frost                    Conjuration/Ice              2
   c - Ozocubu's Armour               Charms/Ice                   3
   d - Throw Icicle                   Conjuration/Ice              4
   e - Summon Ice Beast               Ice/Summoning                4
 D - a book of Changes

   Spells                             Type                      Level
   a - Beastly Appendage              Transmutation                1
   b - Sticks to Snakes               Transmutation                2
   c - Spider Form                    Transmutation/Poison         3
   d - Ice Form                       Ice/Transmutation            4
   e - Blade Hands                    Transmutation                5
 F - a book of the Sky

   Spells                             Type                      Level
   a - Summon Lightning Spire         Summoning/Air                4
   b - Airstrike                      Air                          4
   c - Silence                        Hexes/Air                    5
   d - Deflect Missiles               Charms/Air                   6
   e - Conjure Ball Lightning         Conjuration/Air              6
   f - Tornado                        Air                          9
 L - a book of the Dragon

   Spells                             Type                      Level
   a - Flame Tongue                   Conjuration/Fire             1
   b - Cause Fear                     Hexes                        4
   c - Bolt of Fire                   Conjuration/Fire             6
   d - Dragon Form                    Transmutation                7
   e - Dragon's Call                  Summoning                    9
 O - a book of Flames

   Spells                             Type                      Level
   a - Flame Tongue                   Conjuration/Fire             1
   b - Throw Flame                    Conjuration/Fire             2
   c - Conjure Flame                  Conjuration/Fire             3
   d - Inner Flame                    Hexes/Fire                   3
   e - Sticky Flame                   Conjuration/Fire             4
   f - Fireball                       Conjuration/Fire             5
 T - a manual of Slings
Comestibles
 g - 6 bread rations


   Skills:
 - Level 5.0 Fighting
 - Level 8.0 Short Blades
 - Level 5.8 Throwing
 - Level 9.8 Dodging
 - Level 13.4 Stealth
 - Level 8.3 Spellcasting
 - Level 7.0 Charms
 + Level 8.7 Transmutations
 - Level 4.4 Ice Magic


You had 21 spell levels left.
You knew the following spells:

 Your Spells              Type           Power        Failure   Level  Hunger
a - Ozocubu's Armour      Chrm/Ice       ###.....     4%          3    ##.....
b - Sticks to Snakes      Tmut           ####....     1%          2    None


Dungeon Overview and Level Annotations

Branches:
Dungeon (12/15)            Temple (1/1) D:7            Lair (0/6) D:8
    Orc (2/2) D:10
    Elf: Orc:2

Altars:
Ashenzari
Cheibriados
Dithmenos
Elyvilon
Fedhas
Gozag
Hepliaklqana
Kikubaaqudgha
Makhleb
Nemelex Xobeh
Okawaru
Qazlal
Ru
Sif Muna
Trog
Uskayaw
Vehumet
Xom
Yredelemnul
Zin
The Shining One
Beogh

Shops:
D:7 (   D:11 !   D:12 :

Annotations:
D:11 exclusion: obsidian statue


Innate Abilities, Weirdness & Mutations

You are very small and have problems with some larger weapons.
You are too small for most types of armour.
You have supernaturally acute eyesight. (SInv)
You are a herbivore.
You cover ground extremely quickly.
You need consume almost no food.
You have a pair of small horns on your head.
You are partially covered in icy blue scales. (AC +2)
You are resistant to hostile enchantments. (MR+)


Message History

The orc priest is moderately wounded.
The orc priest looks satisfied for a moment.
The orc priest mumbles some strange prayers to Beogh against you.
Beogh smites you!
* * * LOW HITPOINT WARNING * * *
You are too injured to fight recklessly!
Items here: ) [[[ an uncursed halberd; an uncursed chain mail; an uncursed leather armour an uncursed chain mail You see here a curare-tipped needle.
You see here a poisoned needle.
You are too injured to fight recklessly!
Firing (i - inventory. (,) - cycle):
Q - 6 poisoned needles (quivered)
Press: ? - help, Shift-Dir - straight line, f/p - orc priest
Aim: an orc priest, wielding a club (severely wounded, poisoned)
You shoot a poisoned needle.
The poisoned needle closely misses the orc priest.
The orc priest mumbles some strange prayers to Beogh against you.
Beogh smites you!
You die...

### ### ##.# ### # ##.###
#.### #....## ##(..#
####...(######(....
#.#.[....##..()...#
#....o).###........
###..(#.>.)..........
###...@.####/.....####.
#.....(## #).((.(## #.
##.....)####).#....###.
##.....#..(.###...##.. ###
#####...o..###....... ##.###
#......##........
####....######..##.###.#....#
#.#......[.[[))..### ###....#
###.......######.### #.####


You could see an orc priest.

Vanquished Creatures
  A minotaur (Lab)
  A hydra (D:11)
  A centaur warrior (D:12)
  2 unseen horrors (D:10)
  Pikel (D:5)
  5 trolls
  Grinder (D:3)
  Sigmund (D:3)
  2 wyverns (D:9)
  11 yaks
  Grum (D:8)
  4 vampire mosquitoes (D:7)
  3 wargs (Orc:1)
  Duvessa (D:4)
  A water moccasin (D:8)
  A slave (D:5)
  12 orc warriors
  An eye of draining (D:8)
  A sky beast (D:7)
  An ice beast (D:7)
  A necrophage (D:12)
  4 centaurs
  8 ogres
  2 wolves (D:8)
  A crocodile (D:8)
  A big kobold (D:7)
  The ghost of Soeti the Conjurer, an amateur DECj (D:4)
  5 bullfrogs
  Blork the orc (D:5)
  5 scorpions
  Dowan (D:4)
  4 killer bees (D:9)
  3 wights (D:9)
  4 crimson imps
  2 jellies
  2 centaur zombies
  3 hounds
  12 orc priests
  A bullfrog skeleton (D:11)
  A centaur skeleton (D:8)
  Jessica (D:3)
  19 orc wizards
  3 worker ants
  A killer bee zombie (D:5)
  2 hound zombies (D:7)
  2 hound skeletons
  10 adders
  3 river rats
  3 shadow imps
  An adder skeleton (D:9)
  3 worms (D:2)
  5 dart slugs
  5 leopard geckos
  62 orcs
  A ball python (D:3)
  14 bats
  10 giant cockroaches
  7 goblins
  3 hobgoblins
  11 jackals
  16 kobolds
  7 quokkas
  4 frilled lizards
  21 rats
328 creatures vanquished.

Vanquished Creatures (collateral kills)
  An orc warrior (Orc:2)
  2 orcs (Orc:2)
3 creatures vanquished.

Vanquished Creatures (others)
  A phantom (D:5)
  An orc wizard (D:6)
  An adder skeleton (D:6)
  An orc (D:11)
  3 fungi (D:8)
  A plant (D:8)
8 creatures vanquished.

Grand Total: 339 creatures vanquished

Notes
Turn   | Place    | Note
-------+----------+-------------------------------------------
     0 | D:1      | Ijustatesigmund the Spriggan Assassin began the quest for the Orb.
     0 | D:1      | Reached XP level 1. HP: 10/10 MP: 2/2
   128 | D:1      | Reached skill level 6 in Stealth
   216 | D:1      | Reached XP level 2. HP: 5/14 MP: 3/3
  1151 | D:2      | Reached XP level 3. HP: 18/18 MP: 4/4
  1776 | D:3      | Found a glowing golden altar of the Shining One.
  1778 | D:3      | Reached XP level 4. HP: 22/22 MP: 5/5
  1803 | D:3      | Noticed Sigmund
  1820 | D:3      | Gained mutation: You have sharp fingernails. [potion of mutation]
  1820 | D:3      | Gained mutation: Your magical capacity is low. (-10% MP) [potion of mutation]
  1821 | D:3      | Lost mutation: Your magical capacity is low. (-10% MP) [potion of cure mutation]
  1821 | D:3      | Lost mutation: You have sharp fingernails. [potion of cure mutation]
  1826 | D:3      | Killed Sigmund
  1826 | D:3      | Reached skill level 7 in Stealth
  1826 | D:3      | Reached XP level 5. HP: 5/25 MP: 4/6
  2268 | D:3      | Noticed Jessica
  2277 | D:3      | Killed Jessica
  2277 | D:3      | Reached skill level 8 in Stealth
  2277 | D:3      | Reached XP level 6. HP: 30/30 MP: 7/7
  2320 | D:3      | Reached skill level 5 in Dodging
  2386 | D:3      | Noticed Grinder
  2498 | D:3      | Killed Grinder
  2498 | D:3      | Reached skill level 5 in Short Blades
  2498 | D:3      | Reached XP level 7. HP: 33/33 MP: 8/8
  2635 | D:3      | Found a bloodstained altar of Trog.
  3140 | D:4      | Noticed Soeti's ghost (amateur DECj)
  3173 | D:5      | Entered Level 5 of the Dungeon
  3241 | D:5      | Noticed Pikel
  3461 | D:4      | Found an opulent altar of Gozag.
  3517 | D:4      | Noticed Dowan
  3520 | D:4      | Noticed Duvessa
  3524 | D:4      | Killed Dowan
  3585 | D:4      | Killed Duvessa
  3922 | D:5      | Noticed Blork the orc
  4087 | D:5      | Killed Blork the orc
  4136 | D:5      | Found a deep blue altar of Sif Muna.
  4218 | D:5      | Killed Pikel
  4218 | D:5      | Reached skill level 5 in Throwing
  4218 | D:5      | Reached XP level 8. HP: 42/42 MP: 9/9
  4698 | D:6      | Reached skill level 5 in Fighting
  4857 | D:6      | Gained mutation: Your body sometimes deteriorates upon taking damage. [potion of mutation]
  4857 | D:6      | Gained mutation: You have large cloven feet. [potion of mutation]
  4857 | D:6      | Lost mutation: You have large cloven feet. [potion of mutation]
  4858 | D:6      | Lost mutation: Your body sometimes deteriorates upon taking damage. [potion of cure mutation]
  5045 | D:7      | Found an ancient bone altar of Kikubaaqudgha.
  5184 | D:7      | Reached skill level 9 in Stealth
  5211 | D:7      | Found Igeogo's Antique Weapon Emporium.
  5248 | D:7      | Found a sacrificial altar of Ru.
  5356 | D:7      | HP: 1/43 [vampire mosquito (5)]
  6142 | D:7      | Bought a glowing blowgun for 50 gold pieces
  6145 | D:7      | Found a staircase to the Ecumenical Temple.
  6161 | Temple   | Entered the Ecumenical Temple
  6221 | Temple   | Became a worshipper of Ashenzari the Shackled
  6459 | D:6      | Reached XP level 9. HP: 47/47 MP: 10/10
  6496 | D:6      | Found a stormy altar of Qazlal.
  6534 | D:6      | Found a deep blue altar of Sif Muna.
  6752 | D:4      | Killed Soeti's ghost
  7093 | D:7      | Reached skill level 10 in Stealth
  8609 | D:7      | Reached skill level 11 in Stealth
 10122 | D:8      | Learned a level 3 spell: Ozocubu's Armour
 10226 | D:7      | Reached skill level 1 in Spellcasting
 10226 | D:7      | Reached skill level 1 in Charms
 10226 | D:7      | Reached XP level 10. HP: 18/51 MP: 10/12
 10732 | D:8      | Found a shimmering altar of Xom.
 10733 | D:8      | Found a hazy altar of Hepliaklqana.
 10733 | D:8      | Noticed an unseen horror
 10734 | D:8      | Noticed an unseen horror
 10969 | D:8      | Noticed Grum
 11007 | D:8      | Killed Grum
 11336 | D:8      | Found a staircase to the Lair.
 11680 | D:9      | Found a stormy altar of Qazlal.
 11683 | D:9      | Reached skill level 5 in Charms
 11842 | D:9      | Reached skill level 5 in Spellcasting
 11941 | D:9      | Found a burning altar of Makhleb.
 11942 | D:9      | Found a bloodstained altar of Trog.
 11942 | D:9      | Found an iron altar of Okawaru.
 12132 | D:9      | Reached skill level 1 in Ice Magic
 12284 | D:9      | Reached * piety under Ashenzari
 12629 | D:10     | Entered Level 10 of the Dungeon
 12687 | D:10     | Found a staircase to the Orcish Mines.
 12725 | D:10     | Noticed an unseen horror
 12732 | D:10     | Killed an unseen horror
 12778 | D:10     | Gained mutation: You are partially covered in icy blue scales. (AC +2) [potion of mutation]
 12778 | D:10     | Gained mutation: You have a pair of small horns on your head. [potion of mutation]
 12778 | D:10     | Gained mutation: You are resistant to hostile enchantments. (MR+) [potion of mutation]
 12969 | D:10     | Reached XP level 11. HP: 55/55 MP: 21/21
 13244 | D:10     | Noticed an unseen horror
 13251 | D:10     | Killed an unseen horror
 13251 | D:10     | Reached skill level 12 in Stealth
 14061 | D:11     | Found Ugunirei's Distillery.
 14069 | D:11     | Bought a potion of might for 72 gold pieces
 14069 | D:11     | Bought 2 potions of curing for 108 gold pieces
 14084 | D:11     | Found a labyrinth entrance.
 14095 | Lab      | Entered a labyrinth
 14527 | Lab      | Noticed a minotaur
 14604 | Lab      | Killed a minotaur
 14604 | Lab      | Reached skill level 13 in Stealth
 14786 | D:11     | Noticed a five-headed hydra
 14807 | D:11     | Killed a five-headed hydra
 14822 | D:11     | Learned a level 2 spell: Sticks to Snakes
 14963 | D:12     | Reached skill level 1 in Transmutations
 14967 | D:12     | Noticed a centaur warrior
 14973 | D:12     | Killed a centaur warrior
 15080 | D:12     | Found Husiss's Book Emporium.
 15112 | D:11     | Found a roughly hewn altar of Beogh.
 15208 | D:11     | Noticed an obsidian statue
 15276 | D:11     | Reached skill level 5 in Transmutations
 15294 | Orc:1    | Entered Level 1 of the Orcish Mines
 16457 | Orc:1    | Found a roughly hewn altar of Beogh.
 16732 | Orc:2    | Entered Level 2 of the Orcish Mines
 17025 | Orc:2    | Noticed an orc high priest
 17277 | Orc:1    | Killed from afar by an orc priest

Vault maps used:
D:1:      dpeg_arrival_water_fire
D:2:      first_bread
D:3:      old_standard_altar, minivault_27, trog_book, uniq_grinder,
          uniq_jessica, uniq_sigmund
D:4:      nicolae_overflow_crystal_walls, uniq_duvessa
D:5:      lemuel_crystal_altar, uniq_pikel, uniq_blork_the_orc
D:6:      grunt_qazlal_clouds, basic_altar
D:7:      lemuel_round_altar, nicolae_ru_great_annihilating_truth, serial_shops,
          nicolae_shop_statue_plus, enter_bailey_2
D:8:      regret_index_temple_of_mockery, grunt_lair_entry_orc_guard_hut,
          uniq_grum
D:9:      grunt_temple_overflow_open, basic_altar
D:10:     orc_0_dummy
D:11:     serial_shops, shop, special_room, lab_entry_generic, grunt_livestock,
          minmay_protected_statue, uniq_fannar, uniq_josephine, uniq_sonja
D:12:     serial_shops, shop_statue, minmay_misc_feat_diagonals
Temple:   zaba_magenta_temple
Orc:1:    basic_altar
Orc:2:    pf_orc_diabolical, uniq_saint_roka
Lab:      labyrinth_mini_lab, nicolae_lab_flowing_pool

Skill      XL: |  1  2  3  4  5  6  7  8  9 10 11 |
---------------+----------------------------------+-----
Dodging        | 2 3 4 6 7 9 |  9.8
Stealth        | 6 7 8 9 11 13 | 13.4
Short Blades   | 3 4 5 8 |  8.0
Fighting       | 4 5 |  5.0
Throwing       | 5 |  5.8
Spellcasting   | 1 6 8 |  8.3
Charms         | 1 7 |  7.0
Ice Magic      | 4 |  4.4
Transmutations | 8 |  8.7

Action                   |  1- 3 |  4- 6 |  7- 9 | 10-12 || total
-------------------------+-------+-------+-------+-------++-------
Melee: Dagger            |   139 |    65 |  1037 |   740 ||  1981
       Headbutt          |       |       |       |   105 ||   105
 Fire: Blowgun           |    13 |    22 |    64 |   270 ||   369
Throw: Tomahawk          |       |     2 |    36 |    20 ||    58
 Cast: Sticks to Snakes  |       |       |       |     4 ||     4
Invok: Curse Item        |       |       |     2 |       ||     2
       Scrying           |       |       |       |     1 ||     1
Evoke: Wand              |       |       |    14 |     4 ||    18
  Use: Scroll            |     5 |     4 |    10 |     8 ||    27
       Potion            |       |     2 |     4 |     6 ||    12
 Stab: Sleeping          |     5 |     3 |    30 |    33 ||    71
       Paralysed         |       |       |     1 |       ||     1
       Distracted        |       |       |     4 |     3 ||     7
  Eat: Bread ration      |       |       |     2 |     1 ||     3
       Royal jelly       |       |       |       |     1 ||     1
Armor: Robe              |    23 |    10 |    87 |    43 ||   163
Dodge: Dodged            |   116 |    54 |   816 |   621 ||  1607
